 Dungeon Crawl Stone Soup version 0.27.1-33-g824d729ab1 (webtiles) character file.

Game seed: 13364832375780283792

2604 Atelerd the Zephyrmancer (level 9, -2/48 HPs)
             Began as a Tengu Air Elementalist on Dec 30, 2021.
             Was an Initiate of Vehumet.
             Killed by divine providence
             ... invoked by an orc priest
              (16 damage)
             ... on level 7 of the Dungeon on Dec 31, 2021.
             The game lasted 00:13:28 (9488 turns).

Atelerd the Zephyrmancer (Tengu Air Elementalist)   Turns: 9488, Time: 00:13:28

Health: -2/48      AC:  2    Str:  9    XL:     9   Next: 59%
Magic:  9/22       EV: 15    Int: 19    God:    Vehumet [......]
Gold:   328        SH:  0    Dex: 14    Spells: 17/24 levels left

rFire    . . .     SeeInvis .   k - +5 long sword (protect)
rCold    . . .     Faith    +   (no shield)
rNeg     + . .     Spirit   .   a - +0 robe
rPois    .         Reflect  .   (helmet restricted)
rElec    .         Harm     .   (no cloak)
rCorr    .         Rampage  .   (no gloves)
Will     .....                  (boots unavailable)
Stlth    ++........             n - amulet of faith
HPRegen  0.16/turn              d - ring of positive energy
MPRegen  0.18/turn              (no ring)

@: flying quickly and evasively, quick
A: beak, talons 3, nimble flight
a: Renounce Religion


You were on level 7 of the Dungeon.
You worshipped Vehumet.
Vehumet was noncommittal.
You visited 2 branches of the dungeon, and saw 8 of its levels.
You also visited: Ossuary.

You collected 328 gold pieces.

Inventory:

Hand Weapons
 c - a +0 dagger of venom
 k - a +5 long sword of protection (weapon)
Armour
 a - a +0 robe (worn)
Jewellery
 d - a ring of positive energy (left hand)
 n - an amulet of faith (around neck)
Wands
 w - a wand of flame (11)
 y - a wand of mindburst (9)
Scrolls
 b - 4 scrolls of immolation
 e - a scroll of brand weapon {unknown}
 h - 2 scrolls of blinking
 m - a scroll of vulnerability
 o - 3 scrolls of teleportation
 q - a scroll of silence {unknown}
 t - 2 scrolls of enchant armour
 u - a scroll of fog
 x - 2 scrolls of torment {unknown}
Potions
 f - 4 potions of heal wounds {unknown}
 g - 3 potions of curing
 i - a potion of resistance {unknown}
 j - a potion of ambrosia {unknown}
 l - 3 potions of haste {unknown}
 p - a potion of mutation {unknown}
 r - 2 potions of flight {unknown}
 s - 2 potions of attraction {unknown}
 v - a potion of magic {unknown}
 z - 2 potions of lignification {unknown}


   Skills:
 + Level 2.0 Fighting
 + Level 2.3 Armour
 + Level 3.4 Dodging
 - Level 2.0 Stealth
 * Level 8.0 Spellcasting
 + Level 7.9 Conjurations
 + Level 8.9 Air Magic


You had 17 spell levels left.
You knew the following spells:

 Your Spells              Type           Power      Damage    Failure   Level
a - Shock                 Conj/Air       100%       1d9       1%          1
s - Static Discharge      Conj/Air       39%        N/A       1%          2
t - Airstrike             Air            20%        N/A       2%          4

Your spell library contained the following spells:

 Spells                   Type           Power      Damage    Failure   Level
 Swiftness                Air            41%        N/A       1%          3
 Gell's Gravitas          Tloc           3%         N/A       26%         3
 Lesser Beckoning         Tloc           3%         N/A       26%         3
 Ozocubu's Armour         Ice            7%         N/A       26%         3
 Teleport Other           Tloc           7%         N/A       26%         3
 Petrify                  Tmut/Erth      7%         N/A       65%         4
 Metabolic Englaciation   Hex/Ice        3%         N/A       94%         5
 Statue Form              Tmut/Erth      4%         N/A       100%        6
 Ozocubu's Refrigeration  Ice            3%         4d5       100%        7


Dungeon Overview and Level Annotations

Branches:
Dungeon (7/15)             Temple (1/1) D:6         Ossuary (visited)

Altars:
Ashenzari
Cheibriados
Dithmenos
Elyvilon
Makhleb
Nemelex Xobeh
Qazlal
Sif Muna
Trog
Vehumet
Wu Jian
Xom
Yredelemnul


Innate Abilities, Weirdness & Mutations

You have a beak for a mouth.
You have claws for feet.
Your magical nature lets you fly swiftly and evasively.


Message History

* * * LOW HITPOINT WARNING * * *
Unknown command.
Unknown command.
A necrophage comes into view.
A hound comes into view.
A phantom comes into view.
The hound barks!
You hear a shout!
The hound barely misses you.
A kobold brigand comes into view.
It is wielding a +0 dagger and quivering poisoned darts.
The kobold brigand shouts!
As you read the scroll of teleportation, it crumbles to dust.
You feel strangely unstable. The hound misses you.
The kobold brigand throws a poisoned dart.
The poisoned dart closely misses you. The hound bites you.
* * * LOW HITPOINT WARNING * * *
Unknown command.
The hound closely misses you.
You riposte.
You barely miss the hound. Your kick misses the hound.
Casting: Static Discharge (safe; 1% risk of failure)
Confirm with . or Enter, or press ? or * to list all spells.
The hound is struck by an arc of lightning!
The hound is severely wounded.
You are struck by an arc of lightning.
* * * LOW HITPOINT WARNING * * *
The hound is struck by an arc of lightning.
The hound is severely wounded.
The lightning grounds out.
Your surroundings suddenly seem different.
The kobold brigand throws a poisoned dart.
The poisoned dart hits you.
You are lethally poisoned!
It was a potion of curing.
You feel better.
The sky beast flickers out of sight!
Deactivating autopickup; reactivate with Ctrl-A.
A sky beast appears from thin air!
Reactivating autopickup.
Items here: )) [ †.
The orc priest invokes the aid of Beogh against you.
Beogh smites you!
You die...

##......#..####..#..
#.#n#..#..#..#..#..
#.#.#..####..#.#...
#.#K#..#..#..#.....
#.#o####..#.#......
#.#)#..#..#......##
######
#.#Y#..#.#.......#
#<...#
#.#.#..#......####
####.#
#.@.......#####
##.##########.##..##
#...........#....##
##########....####
#..### ####


You could see a sky beast, a kobold brigand, a necrophage and an orc priest.

Vanquished Creatures
  2 orc warriors
  An ice beast (D:6)
  4 black bears
  3 ogres (D:5)
  4 necrophages
  An elf zombie (D:6)
  5 scorpions
  2 elf skeletons (D:6)
  A water moccasin skeleton (D:6)
  A human zombie (Ossuary)
  A bullfrog zombie (D:5)
  2 centaur zombies
  4 orc priests
  3 jellies
  A bullfrog skeleton (D:5)
  2 human skeletons (D:6)
  An iguana (D:6)
  2 orc wizards
  A killer bee zombie (D:6)
  5 hound zombies
  4 mummies (Ossuary)
  A gnoll (D:1)
  10 adders
  A white imp (D:6)
  2 ufetubi
  An adder skeleton (D:4)
  An adder zombie (Ossuary)
  4 worms
  4 dart slugs
  10 orcs
  6 ball pythons
  3 endoplasms
  5 giant cockroaches
  4 gnoll zombies (Ossuary)
  6 goblins
  7 hobgoblins
  5 jackals
  5 quokkas
  7 bats
  2 frilled lizards (D:3)
  A hobgoblin zombie (Ossuary)
  4 kobolds
  2 orc zombies
  A quokka skeleton (D:4)
  5 rats
147 creatures vanquished.

Vanquished Creatures (others)
  2 fungi (D:1)
  3 plants
5 creatures vanquished.

Grand Total: 152 creatures vanquished

Notes
Turn   | Place    | Note
-------+----------+-------------------------------------------
     0 | D:1      | Atelerd the Tengu Air Elementalist began the quest for the
                  | Orb.
     0 | D:1      | Reached XP level 1. HP: 10/10 MP: 4/4
   119 | D:1      | Found a faded altar of an unknown god.
   140 | D:1      | Reached XP level 2. HP: 1/15 MP: 4/6
  1069 | D:1      | Reached XP level 3. HP: 9/19 MP: 1/7
  2210 | D:2      | Reached XP level 4. HP: 23/24 MP: 0/9
  2895 | D:2      | Learned a level 2 spell: Static Discharge
  2900 | D:2      | Learned a level 4 spell: Airstrike
  2971 | D:3      | Found a white marble altar of Elyvilon.
  3277 | D:3      | Reached skill level 5 in Air Magic
  3750 | D:3      | Found a sparkling altar of Nemelex Xobeh.
  4000 | D:3      | Found a burning altar of Makhleb.
  4000 | D:3      | Found a broken altar of Ashenzari.
  4123 | D:3      | Gained mutation: Your magical nature lets you fly swiftly
                  | and evasively. [Tengu growth]
  4123 | D:3      | Reached XP level 5. HP: 28/28 MP: 9/11
  4387 | D:4      | Noticed a necrophage
  4396 | D:4      | Killed a necrophage
  4397 | D:4      | Reached XP level 6. HP: 21/32 MP: 1/13
  4571 | D:4      | Noticed a necrophage
  4580 | D:4      | Killed a necrophage
  4752 | D:4      | Reached XP level 7. HP: 25/36 MP: 3/15
  5026 | D:4      | Found an ornate altar of the Wu Jian Council.
  5155 | D:4      | Found a shimmering altar of Xom.
  5319 | D:4      | Reached skill level 5 in Spellcasting
  5559 | D:5      | Entered Level 5 of the Dungeon
  5581 | D:5      | Reached skill level 5 in Conjurations
  6082 | D:5      | Reached XP level 8. HP: 10/41 MP: 7/18
  6850 | D:6      | Found a sand-covered staircase.
  6867 | Ossuary  | Entered an ossuary
  7948 | D:6      | Reached XP level 9. HP: 39/46 MP: 9/21
  8256 | D:6      | Reached skill level 1 in Fighting
  8256 | D:6      | Reached skill level 1 in Armour
  8568 | D:6      | Found a staircase to the Ecumenical Temple.
  8617 | Temple   | Entered the Ecumenical Temple
  8704 | Temple   | Became a worshipper of Vehumet
  9290 | D:7      | Found a bloodstained altar of Trog.
  9488 | D:7      | Killed from afar by an orc priest

Illustrated notes

Levels and vault maps discovered:
D:1:      heliophobic_arrival_ceremonial_halls, layout_basic,
          shapermc_ecumenical_altar_mp_ritualfount
D:2:      layout_loops_ring
D:3:      layout_basic, lemuel_round_altar, lemuel_tele_altar,
          chequers_temple_overflow_statue_of_worship
D:4:      layout_basic, nzn_wu_jian_contemplation, mainiacjoe_overflow_chevrons,
          serial_park_tiny_2, dk_vineyard_1
D:5:      layout_cave_pools
D:6:      layout_loops_ring, temple_statues, nicolae_ossuary_entry_catacombs,
          cheibrodos_sewer_entry_bend, minmay_small_thing
D:7:      layout_basic, trog_ov_bears_minmay, serial_bayou,
          serial_bayou_lagoon_b, serial_bayou_shore_b, serial_bayou_pond_b,
          serial_bayou_pond_b, small_statue_intersection,
          kb_lookout_dungeons_type, hangedman_abyss_or_decor_stagger
Temple:   cyrus_temple_forest

Skill      XL: |  1  2  3  4  5  6  7  8  9 |
---------------+----------------------------+-----
Conjurations   | 2 3 4 5 7 |  7.9
Spellcasting   | 3 4 6 7 8 |  8.0
Air Magic      | 5 6 7 8 |  8.9
Fighting       | 2 |  2.0
Armour         | 2 |  2.3
Dodging        | 3 |  3.4
Stealth        | |  2.0

Action                   |  1- 3 |  4- 6 |  7- 9 || total
-------------------------+-------+-------+-------++-------
Melee: Dagger            |     5 |       |       ||     5
       Kick              |     1 |     4 |    10 ||    15
       Long sword        |       |    10 |    16 ||    26
       Peck              |       |     2 |     9 ||    11
 Cast: Shock             |    67 |    99 |   190 ||   356
       Static Discharge  |       |     8 |    65 ||    73
       Airstrike         |       |       |     3 ||     3
  Use: Scroll            |       |       |    13 ||    13
       Potion            |       |       |     1 ||     1
 Stab: Sleeping          |       |       |     3 ||     3
Armor: Robe              |     1 |     3 |    20 ||    24
Dodge: Dodged            |    10 |    27 |    59 ||    96
       Rpst.: Long sword |       |     4 |    17 ||    21
